 Dungeon Crawl Stone Soup version 0.28.0 (webtiles) character file.

Game seed: 2899317613770201718

7 MacCMillion the Chucker (level 2, 29/29 HPs)
             Began as a Gnoll Wanderer on Feb 18, 2022.
             Quit the game on level 1 of the Dungeon.
             The game lasted 00:00:55 (359 turns).

MacCMillion the Chucker (Gnoll Wanderer)             Turns: 359, Time: 00:00:55

Health: 29/29      AC: 10    Str: 11    XL:     2   Next: 0%
Magic:  2/2        EV:  1    Int: 12    God:
Gold:   6          SH:  4    Dex: 10    Spells: 1/1 levels left

rFire   . . .      SeeInvis .   a - +2 dagger
rCold   . . .      Faith    .   d - +0 buckler
rNeg    . . .      Spirit   .   f - +0 plate armour
rPois   .          Reflect  .   (no helmet)
rElec   .          Harm     .   (no cloak)
rCorr   .          Rampage  .   (no gloves)
Will    .....                   (no boots)
Stlth   ..........              (no amulet)
HPRegen 0.09/turn               (no ring)
MPRegen 0.08/turn               (no ring)

@: no status effects
A: fangs 1, strong nose, distributed training
a: no special abilities


You were on level 1 of the Dungeon.
You visited 1 branch of the dungeon, and saw 1 of its levels.

You collected 6 gold pieces.

Inventory:

Hand Weapons
 a - a +2 dagger (weapon)
 c - a +0 hand axe
Missiles
 b - a curare-tipped dart (quivered)
Armour
 d - a +0 buckler (worn)
 e - a +0 robe
 f - a +0 plate armour (worn)


   Skills:
 + Level 6.4 Fighting
 + Level 0.2 Short Blades
 + Level 0.2 Long Blades
 + Level 2.4 Axes
 + Level 0.2 Maces & Flails
 + Level 0.2 Polearms
 + Level 0.2 Staves
 + Level 0.2 Slings
 + Level 0.2 Bows
 + Level 0.2 Crossbows
 + Level 6.4 Throwing
 + Level 0.2 Armour
 + Level 2.4 Dodging
 + Level 2.2 Stealth
 + Level 2.4 Shields
 + Level 0.2 Unarmed Combat
 + Level 0.2 Spellcasting
 + Level 0.1 Conjurations
 + Level 0.1 Hexes
 + Level 0.1 Summonings
 + Level 0.1 Necromancy
 + Level 0.1 Translocations
 + Level 0.1 Transmutations
 + Level 0.1 Fire Magic
 + Level 0.1 Ice Magic
 + Level 0.1 Air Magic
 + Level 0.1 Earth Magic
 + Level 0.1 Poison Magic
 + Level 0.3 Invocations
 + Level 0.2 Evocations


You had one spell level left.
You didn't know any spells.
Your spell library was empty.

Dungeon Overview and Level Annotations

Branches:
Dungeon (1/15)

Altars:


Innate Abilities, Weirdness & Mutations

You have very sharp teeth.
Your uncanny sense of smell can sniff out nearby items.
Your experience applies equally to all skills.


Message History

The hobgoblin is moderately wounded.
The hobgoblin barely misses you.
You closely miss the hobgoblin.
The hobgoblin is moderately wounded.
You block the hobgoblin's attack.
You barely miss the hobgoblin.
The hobgoblin is moderately wounded.
The hobgoblin hits you but does no damage.
You hit the hobgoblin.
The hobgoblin is heavily wounded.
The hobgoblin hits you but does no damage.
You closely miss the hobgoblin.
The hobgoblin is heavily wounded.
The hobgoblin hits you.
You hit the hobgoblin.
You kill the hobgoblin!
Things that are here:
31 stones; a hobgoblin corpse A goblin comes into view.
It is wielding a +0 club.
A goblin is nearby!
You are too injured to fight recklessly!
You start resting.
A goblin is nearby!
You closely miss the goblin. The goblin hits you with a +0 club.
You completely miss the goblin. The goblin hits you but does no damage.
You hit the goblin.
You kill the goblin!
You have reached level 2!
You start resting.
HP restored.
Things that are here:
31 stones; a hobgoblin skeleton You now have 6 gold pieces.
There is a stone staircase leading down here.
You see here a +0 club.
Found 16 stones.
A kobold comes into view. It is wielding a +0 short sword.
You see here a scroll labelled EPASUKH LIESU.
A kobold is nearby!
Are you sure you want to abandon this character and quit the game? (Confirm with "yes".)

########## #.........
..# ♣♣###.######## #K#
..'.#.# #####.### ##
.♣#...# ........##...
.♣###.#####.# ..(.......
.♣#.........#.##........
.♣#...####..#.##....#.#
♣♣##..# #....##@# #.
#..# #....##.# #. #..#
#....##.#..
#..####.##.##.#.#
#.............#.#
#...............##.#
#####..#.#.##......#
#.(.#...##.######
#.#####.##.#


You could see a kobold.

Vanquished Creatures
  An endoplasm (D:1)
  A goblin (D:1)
  2 hobgoblins (D:1)
  2 frilled lizards (D:1)
6 creatures vanquished.

Notes
Turn   | Place    | Note
-------+----------+-------------------------------------------
     0 | D:1      | MacCMillion the Gnoll Wanderer began the quest for the Orb.
     0 | D:1      | MacCMillion set off with the following items: a +2 dagger,
                  | a curare-tipped dart, a +0 hand axe, a +0 buckler, a +0
                  | robe
     0 | D:1      | Reached XP level 1. HP: 23/23 MP: 1/1
   224 | D:1      | Reached XP level 2. HP: 18/29 MP: 2/2
   359 | D:1      | Quit the game

Illustrated notes

Levels and vault maps discovered:
D:1:      psy_arrival_fountain, layout_loops_ring,
          ebering_ecumenical_altar_petrified, minmay_bisected

Action                   || total
-------------------------++-------
Melee: Dagger            ||    27
       Bite              ||     3
Armor: Plate armour      ||    10
Dodge: Dodged            ||     4
Block: Buckler           ||     3
